 Dungeon Crawl Stone Soup version 0.30-a0-652-gcc886f7154 (webtiles) character file.

Game seed: 17715324542954301198

14 voltaire321 the Charlatan (level 2, 0/21 HPs)
             Began as a Merfolk Artificer on Jan 17, 2023.
             Constricted to death by a ball python (1 damage)
             ... on level 1 of the Dungeon.
             The game lasted 00:01:37 (371 turns).

voltaire321 the Charlatan (Merfolk Artificer)        Turns: 371, Time: 00:01:38

Health: 0/21       AC:  5    Str: 12    XL:     2   Next: 41%
Magic:  2/2        EV:  8    Int: 10    God:
Gold:   19         SH:  0    Dex: 14    Spells: 1/1 levels left

rFire   . . .      SeeInvis .    i - +0 mace
rCold   . . .      Faith    .    (no shield)
rNeg    . . .      Spirit   .    f - +0 ring mail
rPois   .          Reflect  .    (no helmet)
rElec   .          Harm     .    (no cloak)
rCorr   .          Rampage  .    (no gloves)
Will    .....                    (no boots)
Stlth   +                        (no amulet)
HPRegen 0.23/turn                (no ring)
MPRegen 0.08/turn                (no ring)

@: constricted
A: (nimble swimmer 2), mertail
a: no special abilities


You were on level 1 of the Dungeon.
You visited 1 branch of the dungeon, and saw 1 of its levels.

You collected 19 gold pieces.

Inventory:

Hand Weapons
 i - a +0 mace (weapon)
Missiles
 a - 4 poisoned darts
Armour
 f - a +0 ring mail (worn)
Wands
 c - a wand of flame (12) (quivered)
 d - a wand of charming (15)
 e - a wand of iceblast (5)
Scrolls
 g - a scroll of fear {unknown}
 j - a scroll of teleportation {unknown}
Potions
 b - a potion of heal wounds {unknown}
 h - 3 potions of flight {unknown}


   Skills:
 + Level 1.6 Fighting
 + Level 1.0 Armour
 + Level 3.1 Dodging
 - Level 1.1 Stealth
 + Level 3.2 Evocations


You had one spell level left.
You didn't know any spells.
Your spell library was empty.

Dungeon Overview and Level Annotations

Branches:
Dungeon (1/15)

Altars:


Innate Abilities, Weirdness & Mutations

((You are very nimble when in or above water. (Stealth+, EV+, Speed+++)))
Your lower body shifts to a powerful aquatic tail in water.


Message History

The endoplasm hits you.
You hit the endoplasm.
The endoplasm is moderately wounded.
The endoplasm freezes you.
You are frozen.
You hit the endoplasm.
The endoplasm is severely wounded.
The endoplasm freezes you.
You are frozen.
A dart slug comes into view.
The ball python bites you but does no damage.
The ball python barely misses you. The endoplasm hits you.
You hit the endoplasm.
The endoplasm is almost dead.
The ball python bites you but does no damage.
The ball python grabs you. The ball python constricts you.
The endoplasm freezes you.
You are frozen.
* * * LOW HITPOINT WARNING * * *
The ball python bites you.
* * * LOW HITPOINT WARNING * * *
The ball python constricts you.
* * * LOW HITPOINT WARNING * * *
You hit the endoplasm but do no damage.
The endoplasm is almost dead.
The endoplasm hits you but does no damage.
The ball python bites you but does no damage.
The ball python constricts you.
You hit the endoplasm but do no damage.
The endoplasm is almost dead.
The ball python completely misses you. The ball python constricts you.
The endoplasm freezes you.
You are frozen.
* * * LOW HITPOINT WARNING * * *
The ball python barely misses you. The ball python constricts you.
The endoplasm hits you but does no damage.
You hit the endoplasm.
You kill the endoplasm!
The ball python closely misses you. The ball python constricts you.
You die...

..............#
............... .
............... .###.
............. ..#..
...w....# #...## #....>#
..###...## #.# .#
....#... #S# .# #.....
#@##.# ###...#. #..#.#
###>...... ##...#
#.......g.g ##..#
...........
#####..#............
####...................
##....###...............
#....####.#.............
###....##...............


You could see a dart slug and a ball python.

Vanquished Creatures
  2 bats (D:1)
  2 endoplasms (D:1)
  A giant cockroach (D:1)
  A goblin (D:1)
  3 hobgoblins (D:1)
  A quokka (D:1)
  A kobold (D:1)
  A rat (D:1)
12 creatures vanquished.

Notes
Turn   | Place    | Note
-------+----------+-------------------------------------------
     0 | D:1      | voltaire321 the Merfolk Artificer began the quest for the
                  | Orb.
     0 | D:1      | Reached XP level 1. HP: 15/15 MP: 1/1
   162 | D:1      | Reached XP level 2. HP: 10/21 MP: 2/2
   287 | D:1      | Reached skill level 1 in Armour
   334 | D:1      | Found a faded altar of an unknown god.
   370 | D:1      | HP: 1/21 [frozen (2)]
   371 | D:1      | Constricted to death by a ball python

Illustrated notes

Levels and vault maps discovered:
D:1:      lightli_arrival_noodles, layout_rooms, ebering_ecumenical_altar_hall

Skill      XL: |  1  2 |
---------------+-------+-----
Dodging        | 3 |  3.1
Armour         | 1 |  1.0
Fighting       | |  1.6
Stealth        | |  1.1
Evocations     | |  3.2

Action                   || total
-------------------------++-------
Melee: Club              ||    27
       Mace              ||    20
Evoke: Wand              ||     3
Armor: Ring mail         ||    24
Dodge: Dodged            ||    30

Table legend: (Time is in decaauts)
 A = Elapsed time spent in this place.
 B = Non-inter-level travel time spent in this place.
 C = Inter-level travel time spent in this place.
 D = Time resting spent in this place.
 E = Time spent auto-exploring this place.
 F = Levels seen in this place.
 G = Mean time per level.
                   A        B        C        D        E       F      G
               +--------+--------+--------+--------+--------+-----+--------+
         Total |    386 |    386 |      0 |     51 |    167 |   1 |  386.0 |
       Dungeon |    386 |    386 |      0 |     51 |    167 |   1 |  386.0 |
               +--------+--------+--------+--------+--------+-----+--------+

Top non-repeatable levels by time:
     D:1: 386 daAuts
